BR
SANTA CLARITA MUSIC @ OTTAWA FAT CATS
09/03/2027
 
TOP OF THE 1ST
Santa Clarita Music batting - Pitching for Ottawa Fat Cats : RHP Carlos Montés
Pitching: RHP Carlos Montés
Batting: RHB Rickey Núñez 0-0: Swinging Strike
0-1: Ball
1-1: SINGLE (Flyball, 6MD)
Batting: RHB Juan Morales 0-0: Called Strike
Rickey Núñez steals 2nd base
0-1: Foul Ball, location: 2F
0-2: Ball
1-2: Ball
2-2: Strikes out swinging
Batting: RHB Greg Grant 0-0: Called Strike
Rickey Núñez steals 3rd base
0-1: Called Strike
0-2: Ball
1-2: SINGLE (Line Drive, 56D)
Rickey Núñez scores
Batting: LHB José Domínguez 0-0: Called Strike
0-1: Ball
1-1: Foul Ball, location: 2F
1-2: Strikes out swinging
Batting: SHB Mathew Olson 0-0: Called Strike
0-1: Ball
1-1: Ball
2-1: Fly out, F7 (Flyball, 78S)
Top of the 1st over - 1 run(s), 2 hit(s), 0 error(s), 1 left on base; Santa Clarita 1 - Ottawa 0
BOTTOM OF THE 1ST
Ottawa Fat Cats batting - Pitching for Santa Clarita Music : LHP Jorge Gatán
Pitching: LHP Jorge Gatán
Batting: LHB Eric Dillard 0-0: Called Strike
0-1: Ball
1-1: Ball
2-1: Foul Ball, location: 2F
2-2: Foul Ball, location: 2F
2-2: Strikes out swinging
Batting: RHB Tim Bonner 0-0: Ball
1-0: SINGLE (Groundball, 4MD)
Batting: LHB Wayne Rogers 0-0: Foul Ball, location: 2F
Pickoff Throw to First - Out!
0-1: Called Strike
0-2: Ball
1-2: SINGLE (Line Drive, 7LS)
Batting: RHB Lawrence Howard 0-0: Called Strike
0-1: Ball
1-1: Ball
2-1: Ball
3-1: Called Strike
3-2: Fly out, F7 (Line Drive, 7)
Bottom of the 1st over - 0 run(s), 2 hit(s), 0 error(s), 1 left on base; Santa Clarita 1 - Ottawa 0
TOP OF THE 2ND
Santa Clarita Music batting - Pitching for Ottawa Fat Cats : RHP Carlos Montés
Batting: RHB Robbie Jenkins 0-0: Swinging Strike
0-1: Ball
1-1: Ball
2-1: SOLO HOME RUN (Line Drive, 7D), Distance : 370 ft
Batting: SHB Robbie Rhodes 0-0: Foul Ball, location: 2F
0-1: Called Strike
0-2: Ball
1-2: Foul Ball, location: 2F
1-2: Ball
2-2: Ball
3-2: Base on Balls
Batting: LHB Francisco Blanco 0-0: Ball
1-0: Swinging Strike
1-1: Fielders Choice at 2nd, 1-6 (Groundball, 13S)
Batting: RHB Tony Collier 0-0: Called Strike
0-1: Ball
1-1: Foul Ball, location: 2F
1-2: Ball
2-2: Strikes out looking
Batting: RHB Rickey Núñez 0-0: Called Strike
0-1: Foul Ball, location: 2F
0-2: Ball
1-2: SINGLE (Groundball, 6MD)
Francisco Blanco to second
Batting: RHB Juan Morales 0-0: SINGLE (Line Drive, 89S)
Francisco Blanco to third
Rickey Núñez to second
Runner from 3rd tries for Home, SAFE, no throw
Batting: RHB Greg Grant 0-0: Ball
1-0: Foul Ball, location: 2F
1-1: Ball
2-1: Foul Ball, location: 2F
2-2: Strikes out looking
Top of the 2nd over - 2 run(s), 3 hit(s), 0 error(s), 2 left on base; Santa Clarita 3 - Ottawa 0
BOTTOM OF THE 2ND
Ottawa Fat Cats batting - Pitching for Santa Clarita Music : LHP Jorge Gatán
Batting: RHB Santiago Díaz 0-0: Called Strike
0-1: Swinging Strike
0-2: Strikes out looking
Batting: SHB Jorge Santos 0-0: Ball
1-0: Ground out 4-3 (Groundball, 4S)
Batting: RHB Robert Blanchard 0-0: Called Strike
0-1: Ball
1-1: Ball
2-1: Ground out 6-3 (Groundball, 6)
Bottom of the 2nd over - 0 run(s), 0 hit(s), 0 error(s), 0 left on base; Santa Clarita 3 - Ottawa 0
TOP OF THE 3RD
Santa Clarita Music batting - Pitching for Ottawa Fat Cats : RHP Carlos Montés
Batting: LHB José Domínguez 0-0: Ball
1-0: Called Strike
1-1: Ground out 4-3 (Groundball, 4)
Batting: SHB Mathew Olson 0-0: Ball
1-0: Swinging Strike
1-1: Ball
2-1: Ball
3-1: Swinging Strike
3-2: Strikes out swinging, 2-3 out at first.
Batting: RHB Robbie Jenkins 0-0: Ball
1-0: Ball
2-0: Foul Ball, location: 2F
2-1: Foul Ball, location: 2F
2-2: Foul Ball, location: 2F
2-2: Fly out, F8 (Flyball, 78M)
Top of the 3rd over - 0 run(s), 0 hit(s), 0 error(s), 0 left on base; Santa Clarita 3 - Ottawa 0
BOTTOM OF THE 3RD
Ottawa Fat Cats batting - Pitching for Santa Clarita Music : LHP Jorge Gatán
Batting: RHB Daniel Quintana 0-0: Ball
1-0: Called Strike
1-1: Ground out 6-3 (Groundball, 6)
Batting: LHB Justin Tubridy 0-0: Ball
1-0: Ball
2-0: Called Strike
2-1: Ball
3-1: Base on Balls
Batting: LHB Eric Dillard 0-0: Called Strike
0-1: Ball
1-1: Ground out 4-3 (Groundball, 34D)
Justin Tubridy to second
Batting: RHB Tim Bonner 0-0: Called Strike
0-1: Foul Ball, location: 2F
0-2: Strikes out swinging
Bottom of the 3rd over - 0 run(s), 0 hit(s), 0 error(s), 1 left on base; Santa Clarita 3 - Ottawa 0
TOP OF THE 4TH
Santa Clarita Music batting - Pitching for Ottawa Fat Cats : RHP Carlos Montés
Batting: SHB Robbie Rhodes 0-0: Fly out, F6 (Line Drive, 6)
Batting: LHB Francisco Blanco 0-0: Called Strike
0-1: Swinging Strike
0-2: Ball
1-2: Strikes out swinging
Batting: RHB Tony Collier 0-0: Fly out, F9 (Flyball, 89S)
Top of the 4th over - 0 run(s), 0 hit(s), 0 error(s), 0 left on base; Santa Clarita 3 - Ottawa 0
BOTTOM OF THE 4TH
Ottawa Fat Cats batting - Pitching for Santa Clarita Music : LHP Jorge Gatán
Batting: LHB Wayne Rogers 0-0: Ball
1-0: Foul Ball, location: 2F
1-1: Foul Ball, location: 2F
1-2: Ground out 4-3 (Groundball, 4S)
Batting: RHB Lawrence Howard 0-0: Ball
1-0: Ball
2-0: Swinging Strike
2-1: Swinging Strike
2-2: Fly out, F8 (Line Drive, 8LD)
Batting: RHB Santiago Díaz 0-0: Called Strike
0-1: Ball
1-1: Called Strike
1-2: Ball
2-2: Strikes out looking
Bottom of the 4th over - 0 run(s), 0 hit(s), 0 error(s), 0 left on base; Santa Clarita 3 - Ottawa 0
TOP OF THE 5TH
Santa Clarita Music batting - Pitching for Ottawa Fat Cats : RHP Carlos Montés
Batting: RHB Rickey Núñez 0-0: Foul Ball, location: 2F
0-1: Swinging Strike
0-2: Foul Ball, location: 2F
0-2: Ball
1-2: Ball
2-2: DOUBLE (Groundball, 5L)
Batting: RHB Juan Morales 0-0: Foul Ball, location: 2F
0-1: SINGLE (Flyball, 8RS)
Rickey Núñez to third
Batting: RHB Greg Grant 0-0: Called Strike
0-1: Ball
1-1: Swinging Strike
1-2: Strikes out looking
Pitching: LHP Tim Burrell
Batting: LHB José Domínguez 0-0: Ball
1-0: Ball
2-0: Grounds into double play, 5-4-3 (Groundball, 5L)
Top of the 5th over - 0 run(s), 2 hit(s), 0 error(s), 1 left on base; Santa Clarita 3 - Ottawa 0
BOTTOM OF THE 5TH
Ottawa Fat Cats batting - Pitching for Santa Clarita Music : LHP Jorge Gatán
Batting: SHB Jorge Santos 0-0: Called Strike
0-1: Foul Ball, location: 2F
0-2: Fly out, F8 (Flyball, 8RM)
Batting: RHB Robert Blanchard 0-0: Called Strike
0-1: Ground out 6-3 (Groundball, 56)
Batting: RHB Daniel Quintana 0-0: Ball
1-0: Called Strike
1-1: SOLO HOME RUN (Flyball, 7D), Distance : 382 ft
Batting: LHB Justin Tubridy 0-0: Swinging Strike
0-1: Ball
1-1: Ground out 4-3 (Groundball, 4M)
Bottom of the 5th over - 1 run(s), 1 hit(s), 0 error(s), 0 left on base; Santa Clarita 3 - Ottawa 1
TOP OF THE 6TH
Santa Clarita Music batting - Pitching for Ottawa Fat Cats : LHP Tim Burrell
Batting: SHB Mathew Olson 0-0: Ball
1-0: SINGLE (Line Drive, 4S)
Batting: RHB Robbie Jenkins 0-0: Ball
Wild Pitch!
Mathew Olson to second
1-0: SINGLE (Flyball, 78S)
Mathew Olson to third
Runner from 3rd tries for Home, SAFE, no throw
Batting: SHB Robbie Rhodes 0-0: Ball
1-0: Ball
2-0: Fly out, F8 (Flyball, 78S)
Batting: LHB Francisco Blanco 0-0: Foul Ball, location: 2F
0-1: Foul Ball, location: 2F
0-2: DOUBLE (Groundball, 5L)
Robbie Jenkins to third
Batting: RHB Tony Collier 0-0: Called Strike
0-1: Ball
1-1: Called Strike
1-2: Strikes out swinging
Batting: RHB Rickey Núñez 0-0: Called Strike
0-1: Foul Ball, location: 2F
0-2: Ground out 5-3 (Groundball, 56)
Top of the 6th over - 1 run(s), 3 hit(s), 0 error(s), 2 left on base; Santa Clarita 4 - Ottawa 1
BOTTOM OF THE 6TH
Ottawa Fat Cats batting - Pitching for Santa Clarita Music : LHP Jorge Gatán
Batting: LHB Eric Dillard 0-0: Ball
1-0: Ball
2-0: Called Strike
2-1: Fly out, F8 (Flyball, 8LS)
Batting: RHB Tim Bonner 0-0: Ball
1-0: Ground out 5-3 (Groundball, 56)
Batting: LHB Wayne Rogers 0-0: Called Strike
0-1: TRIPLE (Line Drive, 9LS)
Batting: RHB Lawrence Howard 0-0: Ball
Balk!
Wayne Rogers scores
1-0: Foul Ball, location: 2F
1-1: Called Strike
1-2: Ball
2-2: Foul Ball, location: 2F
2-2: Ball
3-2: SINGLE (Line Drive, 89S)
Pitching: RHP Pat Hardy
Batting: RHB Santiago Díaz 0-0: Ball
Lawrence Howard is caught stealing 2nd base
Bottom of the 6th over - 1 run(s), 2 hit(s), 0 error(s), 0 left on base; Santa Clarita 4 - Ottawa 2
TOP OF THE 7TH
Santa Clarita Music batting - Pitching for Ottawa Fat Cats : LHP Tim Burrell
Batting: RHB Juan Morales 0-0: Called Strike
0-1: Ground out 4-3 (Groundball, 34)
Batting: RHB Greg Grant 0-0: Ball
1-0: SOLO HOME RUN (Flyball, 7D), Distance : 380 ft
Pitching: RHP Brian Hankins
Batting: LHB José Domínguez 0-0: Fly out, F9 (Flyball, 89M)
Batting: SHB Mathew Olson 0-0: Ball
1-0: Ball
2-0: Ball
3-0: Base on Balls
Batting: RHB Robbie Jenkins 0-0: Ground out 1-3 (Groundball, 13S)
Top of the 7th over - 1 run(s), 1 hit(s), 0 error(s), 1 left on base; Santa Clarita 5 - Ottawa 2
BOTTOM OF THE 7TH
Ottawa Fat Cats batting - Pitching for Santa Clarita Music : RHP Pat Hardy
Batting: RHB Santiago Díaz 0-0: Ground out 4-3 (Groundball, 4M)
Batting: SHB Jorge Santos 0-0: Called Strike
0-1: Ball
1-1: Foul Ball, location: 2F
1-2: Ball
2-2: Ground out 4-3 (Groundball, 4)
Batting: RHB Robert Blanchard 0-0: Ball
1-0: Foul Ball, location: 2F
1-1: Fly out, F7 (Flyball, 78M)
Bottom of the 7th over - 0 run(s), 0 hit(s), 0 error(s), 0 left on base; Santa Clarita 5 - Ottawa 2
TOP OF THE 8TH
Santa Clarita Music batting - Pitching for Ottawa Fat Cats : RHP Brian Hankins
Batting: SHB Robbie Rhodes 0-0: Ball
1-0: Foul Ball, location: 2F
1-1: Ball
2-1: Ball
3-1: Foul Ball, location: 2F
3-2: Foul Ball, location: 2F
3-2: Strikes out looking
Batting: LHB Francisco Blanco 0-0: Foul Ball, location: 2F
0-1: Foul Ball, location: 2F
0-2: Ball
1-2: Fly out, F9 (Flyball, 9)
Batting: RHB Tony Collier 0-0: Foul Ball, location: 2F
0-1: Ball
1-1: Fly out, F8 (Flyball, 8LM)
Top of the 8th over - 0 run(s), 0 hit(s), 0 error(s), 0 left on base; Santa Clarita 5 - Ottawa 2
BOTTOM OF THE 8TH
Ottawa Fat Cats batting - Pitching for Santa Clarita Music : RHP Pat Hardy
Now at 1B: Stan Gómez
Batting: RHB Daniel Quintana 0-0: Ball
1-0: Foul Ball, location: 2F
1-1: Ball
2-1: Foul Ball, location: 2F
2-2: Ground out 5-3 (Groundball, 56)
Batting: LHB Justin Tubridy 0-0: Fly out, F3 (Line Drive, 34)
Batting: LHB Eric Dillard 0-0: Called Strike
0-1: Called Strike
0-2: Foul Ball, location: 2F
0-2: Ball
1-2: Ball
2-2: Ground out U3 (Groundball, 34)
Bottom of the 8th over - 0 run(s), 0 hit(s), 0 error(s), 0 left on base; Santa Clarita 5 - Ottawa 2
TOP OF THE 9TH
Santa Clarita Music batting - Pitching for Ottawa Fat Cats : RHP Brian Hankins
Pitching: RHP Ken Edwards
Batting: RHB Rickey Núñez 0-0: Ball
1-0: Foul Ball, location: 2F
1-1: Fly out, F6 (Popup, 6MD)
Batting: RHB Juan Morales 0-0: Called Strike
0-1: Called Strike
0-2: Ball
1-2: Ball
2-2: Ground out 4-3 (Groundball, 4)
Batting: RHB Greg Grant 0-0: Ground out 5-3 (Groundball, 56)
Top of the 9th over - 0 run(s), 0 hit(s), 0 error(s), 0 left on base; Santa Clarita 5 - Ottawa 2
BOTTOM OF THE 9TH
Ottawa Fat Cats batting - Pitching for Santa Clarita Music : RHP Pat Hardy
Pitching: RHP Carlos Ortíz
Now at 2B: Jesús Morales
Batting: RHB Tim Bonner 0-0: Called Strike
0-1: Foul Ball, location: 2F
0-2: Fly out, F7 (Flyball, 7S)
Batting: LHB Wayne Rogers 0-0: Ball
1-0: Ball
2-0: Swinging Strike
2-1: Called Strike
2-2: Foul Ball, location: 2F
2-2: Foul Ball, location: 2F
2-2: Ground out U3 (Groundball, 34)
Batting: RHB Lawrence Howard 0-0: Ball
1-0: Foul Ball, location: 2F
1-1: Fly out, F8 (Flyball, 89M)
Bottom of the 9th over - 0 run(s), 0 hit(s), 0 error(s), 0 left on base; Santa Clarita 5 - Ottawa 2
Thursday, March 30th, 2017 - OOTP Baseball 17.12 Build 75